 Dungeon Crawl Stone Soup version 0.32-a0-913-g739538afd8 (webtiles) character file.

Game seed: 13138982164073408391

324 Autsider the Magician (level 6, -1/62 HPs)
             Began as an Oni Hedge Wizard on Apr 8, 2024.
             Slain by Natasha (3 damage)
             ... on level 3 of the Dungeon.
             The game lasted 00:09:37 (3910 turns).

Autsider the Magician (Oni Hedge Wizard)            Turns: 3910, Time: 00:09:38

Health: -1/62      AC:  1    Str: 15    XL:     6   Next: 48%
Magic:  0/12       EV:  9    Int: 17    God:
Gold:   192        SH:  0    Dex:  8    Spells: 5/13 levels left

rFire   . . .        h - +0 club
rCold   . . .        (no shield)
rNeg    . . .        (body armour restricted)
rPois   .            c - +0 hat
rElec   .            (no cloak)
rCorr   .            (gloves unavailable)
SInv    .            (boots unavailable)
Will    .....        e - amulet of guardian spirit
Stlth   +            p - ring of flight
HPRegen 0.30/turn    (no ring)
MPRegen 0.13/turn

%: guardian spirit
@: flying
A: large, unfitting armour, horns 1, tough skin 1, double potion healing,
drunken brawling
a: no special abilities


You were on level 3 of the Dungeon.
You visited 1 branch of the dungeon, and saw 3 of its levels.

You collected 192 gold pieces.

Inventory:

Hand Weapons
 h - a +0 club (weapon)
Armour
 c - a +0 hat (worn)
 r - a +2 robe of willpower
Jewellery
 e - an amulet of guardian spirit (around neck)
 p - a ring of flight (left hand)
Wands
 g - a wand of flame (19)
 o - a wand of polymorph (16)
Scrolls
 a - a scroll of enchant weapon {unknown}
 f - a scroll of noise {unknown}
 j - a scroll of brand weapon {unknown}
 k - a scroll of revelation {unknown}
 l - 2 scrolls of amnesia {unknown}
 n - a scroll of identify {unknown}
 s - a scroll of blinking {unknown}
Potions
 b - 2 potions of curing {unknown}
 d - a potion of magic
 i - a potion of enlightenment {unknown}
 m - 2 potions of haste {unknown}
 q - a potion of heal wounds {unknown}


   Skills:
 + Level 4.0 Fighting
 - Level 3.0 Dodging
 - Level 1.4 Stealth
 - Level 4.0 Spellcasting
 - Level 3.0 Conjurations
 + Level 1.9 Summonings
 + Level 1.9 Translocations
 + Level 0.1 Air Magic
 + Level 0.2 Alchemy


You had 5 spell levels left.
You knew the following spells:

 Your Spells              Type           Power      Damage    Failure   Level
a - Magic Dart            Conj           52%        1d5       4%          1
w - Mephitic Cloud        Conj/Alch/Air  7%         N/A       30%         3
z - Blink                 Tloc           20%        N/A       11%         2
A - Call Imp              Summ           20%        N/A       11%         2

Your spell library contained the following spells:

 Spells                   Type           Power      Damage    Failure   Level
 Slow                     Hex            12%        N/A       16%         1
 Cigotuvi's Dreadful Rot  Necr/Alch/Air  6%         N/A       22%         2


Dungeon Overview and Level Annotations

Branches:
Dungeon (3/15)

Altars:

Annotations:
D:3 Natasha, Terence


Innate Abilities, Weirdness & Mutations

You are too large for most types of armour.
You have a pair of small horns on your head.
You have tough skin. (AC +1)
You gain doubled healing and magic from potions.
Whenever you drink a healing potion, you attack all around you.


Message History

Your cerulean imp hits Natasha but does no damage.
You feel sick. Natasha claws your cerulean imp.
Your cerulean imp dies!
Your cerulean imp disappears in a puff of smoke!
You feel sick.
You feel sick.
You feel sick.
You feel sick.
You are no longer poisoned.
Natasha mumbles some strange words.
Natasha mewls in sadness.
Natasha mumbles some strange words.
Your magical contamination has completely faded away.
The cerulean imp attacks as it pursues you!
The cerulean imp hits you but does no damage.
The cerulean imp attacks as it pursues you!
The cerulean imp hits you from afar with a +0 spear.
* * * LOW HITPOINT WARNING * * *
The cerulean imp attacks as it pursues you!
The cerulean imp barely misses you.
You see here a +0 sling.
Natasha mumbles some strange words.
You feel disoriented.
The cerulean imp attacks as it pursues you!
The cerulean imp hits you from afar with a +0 spear.
* * * LOW HITPOINT WARNING * * *
Natasha attacks as she pursues you! Natasha claws you!
* * * LOW HITPOINT WARNING * * *
Natasha mumbles some strange words.
The cerulean imp hits you from afar with a +0 spear.
* * * LOW HITPOINT WARNING * * *
The cerulean imp attacks as it pursues you!
The cerulean imp barely misses you.
The cerulean imp hits you with a +1 spear.
* * * LOW HITPOINT WARNING * * *
Natasha attacks as she pursues you! Natasha closely misses you.
There is a stone staircase leading up here.
The cerulean imp barely misses you. Natasha claws you.
You die...
Natasha curls up and begins to purr.

#.#.# #.#.# #.# #.#'#### #.#.#
#.# ##......# #.#.# #.. #.......#
#.#.##### #..>....# #.#......
########....#############.#..####
.............55.....>........# #.
.##....#....##.......####....# #.
............##.h@....# #....###.
.#.....÷...###.5.....####....#...
.#......#'####.......#[......#.#.
........#.##.........#.##..#.#...
........#.##.........#.##..#.#...
........#.##....######.##........
.......##.##....##.....###.#.....
###[......##....##.##### #.#...÷.
..................§§..# #.#.....


You could see Natasha and 3 cerulean imps.

Vanquished Creatures
  Ijyb (D:3)
  Natasha (D:3)
  An adder (D:1)
  5 dart slugs
  An orc (D:3)
  8 ball pythons
  9 bats
  9 endoplasms
  8 goblins
  5 hobgoblins
  A jackal (D:2)
  2 frilled lizards
  5 kobolds
  5 rats
61 creatures vanquished.

Vanquished Creatures (collateral kills)
  Sigmund (D:2)
  Jessica (D:2)
  A ribbon worm (D:2)
  A ball python (D:2)
  2 jackals (D:2)
6 creatures vanquished.

Grand Total: 67 creatures vanquished

Notes
Turn   | Place    | Note
-------+----------+-------------------------------------------
     0 | D:1      | Autsider the Oni Hedge Wizard began the quest for the Orb.
     0 | D:1      | Reached XP level 1. HP: 16/16 MP: 5/5
   113 | D:1      | Reached skill level 1 in Conjurations
   290 | D:1      | Reached XP level 2. HP: 26/26 MP: 3/6
   293 | D:1      | Learned a level 2 spell: Blink
   296 | D:1      | Learned a level 2 spell: Call Imp
   378 | D:1      | Reached skill level 1 in Fighting
  1060 | D:2      | Reached XP level 3. HP: 33/33 MP: 6/8
  1115 | D:2      | Noticed Jessica
  1126 | D:2      | Killed Jessica
  1331 | D:2      | Reached XP level 4. HP: 31/42 MP: 0/10
  1565 | D:2      | Noticed Sigmund
  1595 | D:2      | Learned a level 3 spell: Mephitic Cloud
  1836 | D:2      | Killed Sigmund
  1837 | D:2      | Reached skill level 1 in Summonings
  1837 | D:2      | Reached skill level 1 in Translocations
  1837 | D:2      | Reached XP level 5. HP: 48/54 MP: 0/11
  1837 | D:2      | Reached XP level 6. HP: 56/62 MP: 0/12
  2788 | D:3      | Noticed Ijyb
  2841 | D:3      | Noticed Natasha
  2870 | D:3      | Killed Natasha
  3312 | D:3      | Noticed Terence
  3382 | D:3      | Killed Ijyb
  3881 | D:3      | Noticed Natasha
  3909 | D:3      | HP: 2/62 [cerulean imp/+1 spear[Natasha] (5)]
  3910 | D:3      | Slain by Natasha

Illustrated notes

Levels and vault maps discovered:
D:1:      minmay_arrival_up_and_down, layout_basic
D:2:      layout_basic, serial_co_window_serial, co_window_of_opportunity_a,
          co_window_paths_a, co_window_of_opportunity_a, co_window_paths_a,
          co_window_paths_a, co_window_corner_b, co_window_cross_3,
          co_window_corner_b, co_window_paths_c, co_window_broadway_a,
          co_window_4corner_b, glass_columns_a, glass_columns_a,
          minmay_misc_feat_five, uniq_jessica, uniq_sigmund
D:3:      layout_basic, uniq_terence, uniq_ijyb, uniq_natasha

Skill      XL: |  1  2  3  4 |
---------------+-------------+-----
Conjurations   | 1 3 |  3.0
Fighting       | 1 2 4 |  4.0
Dodging        | 2 3 |  3.0
Spellcasting   | 4 |  4.0
Summonings     | 1 |  1.9
Translocations | 1 |  1.9
Stealth        | |  1.4
Air Magic      | |  0.1
Alchemy        | |  0.2

Action                     |  1- 3 |  4- 6 || total
---------------------------+-------+-------++-------
  Melee: Unarmed           |    12 |    20 ||    32
         Headbutt          |     2 |    12 ||    14
         Club              |       |    24 ||    24
   Cast: Magic Dart        |    61 |    91 ||   152
         Call Imp          |     3 |     6 ||     9
         Mephitic Cloud    |       |     4 ||     4
   Stab: Confused          |       |     3 ||     3
         Distracted        |       |     1 ||     1
 Armour: Skin              |    21 |    54 ||    75
  Dodge: Dodged            |    14 |    31 ||    45

Table legend: (Time is in decaauts)
 A = Elapsed time spent in this place.
 B = Non-inter-level travel time spent in this place.
 C = Inter-level travel time spent in this place.
 D = Time resting spent in this place.
 E = Time spent auto-exploring this place.
 F = Levels seen in this place.
 G = Mean time per level.
                   A        B        C        D        E       F      G
               +--------+--------+--------+--------+--------+-----+--------+
         Total |   3924 |   3868 |     56 |    434 |   2837 |   3 | 1308.0 |
       Dungeon |   3924 |   3868 |     56 |    434 |   2837 |   3 | 1308.0 |
               +--------+--------+--------+--------+--------+-----+--------+

Top non-repeatable levels by time:
     D:2: 1556 daAuts
     D:3: 1208 daAuts
     D:1: 1160 daAuts
